 Dungeon Crawl Stone Soup version 0.26-a0-651-gb41185065b (webtiles) character file.

Game seed: 4783080428923424747

(classic levelgen) 72511 EnegeticOcto the Severer (level 15, 0/140 HPs)
             Began as a Deep Dwarf Fighter on Oct 9, 2020.
             Was the Champion of Makhleb.
             Shot with an arrow by a naga sharpshooter (10 damage)
             ... on level 4 of the Snake Pit.
             The game lasted 00:09:57 (13015 turns).

EnegeticOcto the Severer (Deep Dwarf Fighter)      Turns: 13015, Time: 00:09:57

Health: 0/140      AC: 31    Str: 27    XL:     15   Next: 1%
Magic:  15/15      EV:  7    Int:  8    God:    Makhleb [******]
Gold:   990        SH: 18    Dex: 12    Spells: 14/14 levels left

rFire    + . .     SeeInvis .   a - +5 war axe (elec)
rCold    + . .     Faith    .   c - +0 kite shield
rNeg     + . .     Spirit   .   l - +3 plate armour {MR+}
rPois    +         Reflect  +   C - +2 helmet
rElec    .         Harm     .   B - scarf {rC+ rF+}
rCorr    .         Rampage  .   I - +2 pair of gloves {archery}
MR       +++..                  G - +0 pair of boots
Stlth    ..........             Q - amulet of reflection
HPRegen  0.00/turn              m - ring of poison resistance
MPRegen  0.14/turn              w - +4 ring of protection

@: mighty, lethally poisoned (0 -> -29), non-regenerating, constricted
A: damage resistance, heal wounds, negative energy resistance 1, sense
surroundings 2, no regeneration
a: Heal Wounds, Minor Destruction, Lesser Servant of Makhleb, Major Destruction,
Greater Servant of Makhleb, Renounce Religion


You were on level 4 of the Snake Pit.
You worshipped Makhleb.
Makhleb was exalted by your worship.
You visited 4 branches of the dungeon, and saw 25 of its levels.

You collected 1200 gold pieces.
You spent 210 gold pieces at shops.

Inventory:

Hand Weapons
 a - a +5 war axe of electrocution (weapon)
Missiles
 h - 2 throwing nets (quivered)
Armour
 c - a +0 kite shield (worn)
 l - a +3 plate armour of magic resistance (worn)
 B - a scarf of resistance (worn)
 C - a +2 helmet (worn)
 G - a +0 pair of boots (worn)
 I - a +2 pair of gloves of archery (worn)
Jewellery
 m - a ring of poison resistance (left hand)
 w - a +4 ring of protection (right hand)
 Q - an amulet of reflection (around neck)
Wands
 i - a wand of polymorph (12)
 q - a wand of acid (22) {@v1}
 r - a wand of enslavement (8)
 y - a wand of iceblast (10) {@v2}
 D - a wand of disintegration (37)
 E - a wand of digging (7) {@v3}
Scrolls
 b - a scroll of enchant armour
 o - 6 scrolls of remove curse {@r2}
 s - 10 scrolls of teleportation {@r3}
 v - 4 scrolls of immolation {@r4}
 J - 2 scrolls of fear
 N - a scroll of blinking
 R - a scroll of fog
Potions
 d - 2 potions of might {@q3}
 e - 3 potions of mutation
 f - 3 potions of invisibility
 g - 7 potions of haste {@q4}
 j - 2 potions of stabbing {@q5}
 k - a potion of resistance {@q6}
 t - 3 potions of ambrosia
 u - 5 potions of heal wounds {@q2}
 z - 6 potions of lignification {@q7}
 A - 2 potions of cancellation
 F - 8 potions of curing {@q1}
 K - a potion of flight
 O - a potion of magic
 S - a potion of berserk rage
Miscellaneous
 n - a phantom mirror
 x - a condenser vane (1/2)
 H - a box of beasts (3/3)
 L - a tin of tremorstones (3/3)


   Skills:
 + Level 10.4 Fighting
 - Level 16.0 Axes
 + Level 12.2 Armour
 + Level 5.8 Dodging
 + Level 12.2 Shields
 + Level 12.2 Invocations
 + Level 7.1 Evocations


You had 14 spell levels left.
You didn't know any spells.
Your spell library was empty.

Dungeon Overview and Level Annotations

Branches:
Dungeon (15/15)            Temple (1/1) D:6            Lair (5/6) D:9
 Shoals (0/4) Lair:4        Snake (4/4) Lair:2          Orc (0/2) D:9
 Depths (0/5) D:15
  Slime: Lair:5-6    Vaults: D:13-14

Altars:
Ashenzari
Cheibriados
Dithmenos
Elyvilon
Fedhas
Gozag
Kikubaaqudgha
Makhleb
Nemelex Xobeh
Okawaru
Qazlal
Ru
Sif Muna
Uskayaw
Vehumet
Wu Jian
Xom
Yredelemnul
Zin
The Shining One

Shops:
D:15 *   Snake:4 *

Portals:
Trove: D:13 (give 8 scrolls of fog)
Ice
Cave: Lair:4

Annotations:
D:9 exclusion: door
D:10 2 transporters
D:14 3 runed translucent doors, 2 exclusions, Lanoc's ghost, journeyman DrMo


Innate Abilities, Weirdness & Mutations

You are resistant to damage.
You can heal yourself by infusing magical energy.
You resist negative energy. (rN+)
You passively map the area around you.
You do not regenerate.


Message History

The naga warrior barely misses you.
A naga mage comes into view.
The black mamba completely misses you. You block the mana viper's attack.
A naga mage comes into view. It is wielding a +0 club.
You hit the nagaraja but do no damage. Lightning courses through the nagaraja!
You kill the nagaraja!
Makhleb accepts your kill.
You have reached level 15!
Your experience leads to an increase in your attributes!
Increase (s)trength, (i)ntelligence, or (d)exterity?
You feel stronger.
You hit the naga warrior but do no damage.
You hit the mana viper. You slash the black mamba! You hit the nagaraja.
You barely miss the naga mage. You hit the nagaraja.
You feel sick. The nagaraja spits poison at you.
The splash of poison reflects off an invisible shield around you!
The splash of poison hits the nagaraja.
The nagaraja completely resists.
You block the naga mage's attack.
The naga sharpshooter casts a spell.
The naga sharpshooter magically shoots a bolt.
The bolt hits you. The black mamba misses you.
The naga mage gestures at you while chanting.
The poison arrow hits you.
You are more poisoned.
You partially resist.
The naga mage hits you from afar with a +0 spear!
You block the mana viper's attack. The nagaraja barely misses you.
You block the nagaraja's attack. The naga warrior misses you.
The naga warrior grabs you. The naga warrior constricts you.
The naga mage points at you and mumbles some strange words.
The poison arrow hits you!
You are more poisoned.
You partially resist.
The naga mage mumbles some strange words.
The naga mage seems to speed up.
The nagaraja hits you with a +0 whip.
You hear a shout!
You feel very mighty all of a sudden.
You feel very sick. You block the naga mage's attack.
The black mamba bites you but does no damage.
A naga comes into view. It is wielding a +0 halberd.
The nagaraja points at you and mumbles some strange words.
The poison arrow hits you!
You are more poisoned.
You partially resist.
* * * LOW HITPOINT WARNING * * *
You block the naga warrior's attack.
The naga sharpshooter mumbles some strange words.
The naga sharpshooter magically shoots a bolt.
The bolt hits you!
* * * LOW HITPOINT WARNING * * *
The mana viper bites you but does no damage.
The nagaraja hits you but does no damage.
The naga mage mumbles some strange words.
The naga mage seems to speed up.
The naga mage hits you but does no damage.
You block the naga mage's attack.
The black mamba bites you but does no damage.
You feel much better.
You feel very sick. The nagaraja casts a spell at you.
The lance of force hits you!!
* * * LOW HITPOINT WARNING * * *
You are knocked back by the lance of force.
You collide with the mana viper!
* * * LOW HITPOINT WARNING * * *
The black mamba bites you but does no damage.
The naga mage closely misses you. The naga warrior spits poison at you.
The splash of poison misses you.
The splash of poison hits the mana viper.
The mana viper completely resists.
The naga warrior constricts you. You block the naga mage's attack.
The naga sharpshooter gestures wildly while chanting.
The naga sharpshooter magically shoots a bolt.
The bolt hits you but does no damage.
The naga warrior hits you but does no damage.
The naga mage hits you but does no damage.
The nagaraja spits poison at you.
The splash of poison reflects off an invisible shield around you!
The splash of poison hits the nagaraja.
A naga mage comes into view. It is wielding a +0 club.
You block the black mamba's attack.
The mana viper bites you but does no damage.
You feel much better.
* * * LOW HITPOINT WARNING * * *
You feel very sick. You block the naga mage's attack.
The black mamba bites you.
* * * LOW HITPOINT WARNING * * *
You block the naga warrior's attack. The naga warrior constricts you.
A naga comes into view. It is wielding a +0 battleaxe.
The naga sharpshooter gestures wildly while chanting.
The naga sharpshooter magically shoots a bolt.
The bolt hits you!
* * * LOW HITPOINT WARNING * * *
You block the naga mage's attack.
The naga sharpshooter mumbles some strange words.
The naga sharpshooter magically shoots an arrow.
The arrow hits you!
You die...

* *
*####...##...###
*
#.............#
* * **
,#.............#
, * *
#.............#
, * ,
#..#.....#....#
,, , * * , ,
#.............#,
,
##...§.NNN#..##,
###.§§NNSN§## ,
, * ** , , ,
#.N)NS@NN§#, , ,
* ,


#§NN§§NNN#NNN§# , .§§☼§§N#NNNNN§NN,, , ,, , .§§#§§.NNNN.§... , ,
,.§§§§§.§N§§§.§.. , * .§§§§§§☼N§§§§... , *,,, **, ,§§§..§§○§☼#§§.., , , ,*
....§§§§§§.... , * * , , , , ,, ,, You could see 6 naga warriors, 2 nagarajas, 3
naga sharpshooters, 2 naga ritualists, a mana viper, a black mamba, 12 naga magi
and 6 nagas.

Vanquished Creatures
  Rupert (D:13)
  Gastronok (D:8)
  Kirke (D:13)
  Agnes (D:15)
  3 nagarajas
  A yaktaur captain (D:15)
  Harold (D:9)
  4 hydras
  Fannar (Lair:3)
  2 naga warriors
  6 centaur warriors
  2 anacondas
  3 two-headed ogres
  A queen ant (D:8)
  Urug (D:11)
  5 naga sharpshooters
  2 unseen horrors
  An orc knight (D:15)
  A harpy (shapeshifter) (D:15)
  A naga ritualist (Snake:4)
  2 salamanders (Snake:3)
  14 ugly things
  2 manticores
  A merfolk siren (Lair:4)
  A guardian serpent (Snake:2)
  3 cyclopes
  Joseph (D:9)
  17 black mambas
  A cane toad (Lair:2)
  2 gargoyles
  2 yaktaurs (D:15)
  A kobold demonologist (D:11)
  2 efreet (D:15)
  2 komodo dragons
  6 trolls
  A polar bear (Lair:3)
  A hornet (D:10)
  Prince Ribbit (Lair:3)
  6 blink frogs
  3 hippogriffs
  10 slime creatures
  A centaur simulacrum (D:15)
  3 water elementals
  2 shadows
  A basilisk (Lair:4)
  A wyvern (D:15)
  3 hogs (D:13)
  19 yaks
  2 steam dragons
  5 vampire mosquitoes
  9 nagas
  4 water moccasins
  10 soldier ants
  An acid dragon (D:11)
  6 ice beasts
  2 black bears
  9 orc warriors
  An eye of draining (D:11)
  2 phantoms
  A necrophage (D:5)
  4 sky beasts
  4 ogres
  3 wolves (Lair:4)
  19 centaurs
  A crocodile (Lair:4)
  2 big kobolds
  17 bullfrogs
  A gnoll sergeant (D:7)
  10 scorpions
  2 vampire bats (D:8)
  10 killer bees
  8 wights
  8 howler monkeys
  3 jellies
  3 electric eels
  5 hounds
  4 bullfrog zombies
  2 quasits
  4 centaur zombies
  5 orc priests
  Crazy Yiuf (D:4)
  6 centaur skeletons
  3 bullfrog skeletons
  8 iguanas
  Natasha (D:2)
  15 orc wizards
  33 worker ants
  A killer bee zombie (D:6)
  A hound zombie (D:5)
  A hound skeleton (D:10)
  A worker ant zombie (D:7)
  7 gnolls
  19 adders
  A shadow imp (D:7)
  14 white imps
  3 ufetubi
  2 adder skeletons
  A dart slug (D:5)
  3 leopard geckos
  40 orcs
  A ball python (D:4)
  8 bats
  A giant cockroach (D:4)
  A goblin (D:1)
  2 hobgoblins
  7 jackals
  4 quokkas
  A frilled lizard (D:1)
  A jackal zombie (D:7)
  5 kobolds
  2 rats
509 creatures vanquished.

Vanquished Creatures (collateral kills)
  A mana viper (Snake:4)
  A cane toad (Lair:4)
  A blink frog (Lair:4)
  A vampire (D:9)
  A naga (Snake:4)
  3 white imps (Lair:4)
8 creatures vanquished.

Vanquished Creatures (others)
  A kobold demonologist (D:13)
  A sky beast (D:11)
  6 fungi
  12 plants
20 creatures vanquished.

Grand Total: 537 creatures vanquished

Notes
Turn   | Place    | Note
-------+----------+-------------------------------------------
     0 | D:1      | EnegeticOcto the Deep Dwarf Fighter began the quest for the
                  | Orb.
     0 | D:1      | Reached XP level 1. HP: 20/20 MP: 1/1
   148 | D:2      | Noticed Natasha
   160 | D:2      | Killed Natasha
   160 | D:2      | Reached skill level 3 in Axes
   160 | D:2      | Reached XP level 2. HP: 14/28 MP: 2/2
   160 | D:2      | Reached XP level 3. HP: 17/34 MP: 3/3
   339 | D:3      | Reached XP level 4. HP: 23/42 MP: 3/3
   460 | D:4      | Reached skill level 4 in Axes
   460 | D:4      | Reached XP level 5. HP: 22/49 MP: 4/4
   723 | D:4      | Reached XP level 6. HP: 52/56 MP: 4/4
  1197 | D:4      | Found a runed translucent door.
  1198 | D:4      | Noticed Crazy Yiuf
  1402 | D:4      | Killed Crazy Yiuf
  1456 | D:5      | Entered Level 5 of the Dungeon
  1460 | D:5      | Reached skill level 5 in Axes
  1605 | D:5      | Found a basalt altar of Yredelemnul.
  1800 | D:5      | Reached XP level 7. HP: 56/64 MP: 5/5
  1839 | D:5      | Reached skill level 5 in Armour
  1839 | D:5      | Reached skill level 5 in Shields
  1889 | D:5      | Reached skill level 6 in Axes
  2062 | D:5      | Found a white marble altar of Elyvilon.
  2617 | D:6      | Reached XP level 8. HP: 33/71 MP: 6/6
  2700 | D:6      | Reached skill level 7 in Axes
  2980 | D:6      | Reached skill level 5 in Fighting
  3003 | D:6      | Found a staircase to the Ecumenical Temple.
  3323 | Temple   | Entered the Ecumenical Temple
  3490 | Temple   | Became a worshipper of Makhleb the Destroyer
  3560 | D:6      | Found an opulent altar of Gozag.
  3561 | D:6      | Found an ornate altar of the Wu Jian Council.
  3614 | D:6      | Reached skill level 8 in Axes
  3614 | D:6      | Reached skill level 1 in Invocations
  3997 | D:7      | Gained mutation: You passively map the area around you.
                  | [Deep Dwarf growth]
  3997 | D:7      | Reached XP level 9. HP: 69/81 MP: 7/7
  4045 | D:7      | Reached * piety under Makhleb
  4136 | D:7      | Reached skill level 9 in Axes
  4767 | D:7      | Found a sparkling altar of Nemelex Xobeh.
  4770 | D:7      | Found a broken altar of Ashenzari.
  4773 | D:7      | Found a glowing golden altar of the Shining One.
  4890 | D:8      | Noticed Gastronok
  4924 | D:8      | Killed Gastronok
  4924 | D:8      | Reached skill level 10 in Axes
  4924 | D:8      | Reached skill level 5 in Invocations
  4924 | D:8      | Reached XP level 10. HP: 57/92 MP: 8/10
  5000 | D:8      | Reached ** piety under Makhleb
  5231 | D:8      | Noticed a queen ant
  5287 | D:8      | Killed a queen ant
  5287 | D:8      | Reached *** piety under Makhleb
  5303 | D:8      | Reached skill level 11 in Axes
  5677 | D:9      | Noticed a two-headed ogre
  5692 | D:9      | Killed a two-headed ogre
  5692 | D:9      | Reached XP level 11. HP: 84/100 MP: 7/9
  5713 | D:9      | Found a staircase to the Orcish Mines.
  5736 | D:9      | Found a shimmering blue altar of Sif Muna.
  5804 | D:9      | Found a staircase to the Lair.
  5827 | D:9      | Noticed Joseph
  5851 | D:9      | Killed Joseph
  5961 | D:9      | Noticed Harold
  5977 | D:9      | Killed Harold
  6170 | D:10     | Entered Level 10 of the Dungeon
  6200 | D:10     | Found a transporter.
  6201 | D:10     | Found a transporter.
  6203 | D:10     | Noticed a great orb of eyes
  6301 | D:10     | Found an ancient bone altar of Kikubaaqudgha.
  6302 | D:10     | Reached **** piety under Makhleb
  6586 | D:10     | Reached skill level 12 in Axes
  7347 | D:11     | Noticed a centaur warrior
  7367 | D:11     | Noticed a soul eater
  7376 | D:11     | Killed a centaur warrior
  7376 | D:11     | Reached ***** piety under Makhleb
  7454 | D:11     | Reached XP level 12. HP: 110/110 MP: 0/10
  7822 | D:11     | Noticed Urug
  7855 | D:11     | Killed Urug
  8056 | D:11     | Reached skill level 13 in Axes
  8341 | D:12     | Reached skill level 10 in Armour
  8371 | D:12     | Reached skill level 10 in Shields
  8431 | D:12     | Found a shimmering altar of Xom.
  9145 | D:13     | Noticed a centaur warrior
  9152 | D:13     | Noticed a centaur warrior
  9160 | D:13     | Killed a centaur warrior
  9169 | D:13     | Killed a centaur warrior
  9242 | D:13     | Noticed Rupert
  9262 | D:13     | Killed Rupert
  9308 | D:13     | Noticed Kirke
  9326 | D:13     | Killed Kirke
  9326 | D:13     | Reached skill level 14 in Axes
  9326 | D:13     | Reached skill level 10 in Invocations
  9429 | D:13     | Noticed a two-headed ogre
  9437 | D:13     | Killed a two-headed ogre
  9437 | D:13     | Reached XP level 13. HP: 121/121 MP: 12/12
  9481 | D:13     | Found a shadowy altar of Dithmenos.
  9491 | D:13     | Found Qayd's Antique Armour Emporium.
  9642 | D:13     | Found a portal to a secret trove of treasure.
  9776 | D:14     | Found a radiant altar of Vehumet.
  9811 | D:14     | Reached skill level 1 in Evocations
  9818 | D:14     | Found a runed translucent gate.
  9818 | D:14     | Found a runed translucent gate.
  9818 | D:14     | Found a runed translucent gate.
  9819 | D:14     | Noticed an ettin
  9821 | D:14     | Noticed Lanoc's ghost (journeyman DrMo)
  9855 | D:14     | Reached skill level 1 in Dodging
  9972 | D:15     | Entered Level 15 of the Dungeon
 10045 | D:15     | Noticed Agnes
 10060 | D:15     | Killed Agnes
 10237 | D:15     | Found Zeujan's Assorted Antiques.
 10254 | D:15     | Reached ****** piety under Makhleb
 10265 | D:15     | Bought a potion of might for 120 gold pieces
 10265 | D:15     | Bought a potion of curing for 90 gold pieces
 10307 | D:15     | Found a staircase to the Depths.
 10480 | D:15     | Reached skill level 15 in Axes
 10522 | D:15     | Found a stormy altar of Qazlal.
 10698 | D:15     | Gained mutation: You resist negative energy. (rN+) [Deep
                  | Dwarf growth]
 10698 | D:15     | Reached XP level 14. HP: 130/130 MP: 14/14
 10980 | Lair:1   | Entered Level 1 of the Lair of Beasts
 11174 | Lair:2   | Found a staircase to the Snake Pit.
 11665 | Lair:3   | Noticed Prince Ribbit
 11676 | Lair:3   | Killed Prince Ribbit
 11679 | Lair:3   | Reached skill level 5 in Evocations
 11743 | Lair:3   | Noticed Fannar
 11762 | Lair:3   | Killed Fannar
 11948 | Lair:3   | Reached skill level 10 in Fighting
 12098 | Lair:3   | You fall into a shaft and drop 2 floors!
 12281 | Lair:4   | Found a frozen archway.
 12383 | Lair:4   | Found a staircase to the Shoals.
 12565 | Snake:1  | Entered Level 1 of the Snake Pit
 12592 | Snake:2  | Noticed a nagaraja
 12619 | Snake:2  | Killed a nagaraja
 12662 | Snake:2  | Reached skill level 5 in Dodging
 12748 | Snake:3  | Found a snail-covered altar of Cheibriados.
 12833 | Snake:4  | Entered Level 4 of the Snake Pit
 12833 | Snake:4  | Found a stormy altar of Qazlal.
 12909 | Snake:4  | Reached skill level 16 in Axes
 12929 | Snake:4  | Found Iklag's Incredible Inventory.
 12994 | Snake:4  | Noticed a nagaraja
 12994 | Snake:4  | Noticed a nagaraja
 12997 | Snake:4  | Noticed a nagaraja
 12997 | Snake:4  | Noticed a nagaraja
 13007 | Snake:4  | Killed a nagaraja
 13012 | Snake:4  | Killed a nagaraja
 13012 | Snake:4  | Reached XP level 15. HP: 80/140 MP: 15/15
 13014 | Snake:4  | HP: 3/140 [mana viper collision (19)]
 13015 | Snake:4  | Shot with an arrow by a naga sharpshooter

Illustrated notes

Levels and vault maps discovered:
D:1:      wander_arrival_lonely_grave, layout_loops_ring
D:2:      layout_basic, uniq_natasha
D:3:      layout_loops_ring, lemuel_crystal_altar, grunt_decor_arrowhead
D:4:      layout_loops_ring, serial_bayou_lagoon_a, uniq_crazy_yiuf_cottage
D:5:      black_bear_nest_1, layout_loops_corners, kennysheep_ying_yang,
          minmay_divided_ellipse
D:6:      layout_loops_corners, minitemple, minmay_temple_entry_butterflies,
          st_stairs_14
D:7:      layout_loops_corners, grunt_temple_overflow_diamond,
          grunt_decor_clamped, nzn_random_ring
D:8:      minmay_angry_zag, layout_rooms, roderic_batcave, zaba_antful_of_joy,
          uniq_gastronok
D:9:      layout_big_octagon, led_sif_book, lair_entry_dummy, uniq_harold,
          uniq_joseph
D:10:     gammafunk_jiyva_shrine, layout_stronghold, basic_altar, nrook_uturn
D:11:     layout_loops_cross, minmay_misc_feat_square, minmay_pinched_square,
          uniq_urug
D:12:     layout_stronghold, serial_column_ruins, column_ruins_temple_circle,
          column_ruins_grid_3, column_ruins_corridor_straight,
          column_ruins_columns_T, column_ruins_open_tiny,
          column_ruins_corridor_straight, column_ruins_open_tiny
D:13:     layout_rooms, enter_trove_3, serial_shops, nicolae_shop_stone,
          lemuel_statue_altar, uniq_rupert, uniq_kirke
D:14:     layout_small_grid, grunt_vaults_entry_fortified, chequers_big_river,
          gammafunk_ghost_split, basic_altar, hangedman_abyss_or_decor_clamps,
          uniq_frances
D:15:     grunt_enter_depths_snipers, layout_grid_maze, serial_bayou_ford_a,
          serial_shops, nicolae_shop_stone, basic_altar, uniq_agnes
Temple:   nicolae_temple_figure_eight
Lair:1:   layout_gridlike
Lair:2:   layout_gridlike, minmay_snake_entry_guardpost_medium
Lair:3:   layout_cave_pods, ebering_ghost_xom, uniq_prince_ribbit2, uniq_fannar
Lair:4:   dragon1_lemuel, layout_misc_corridors,
          minmay_shoals_entry_lonely_mermaid, portal_ice_cave_entry_imps
Lair:5:   layout_hall_layers, slime_dummy, uniq_snorg
Snake:1:  nicolae_snake_hallway, layout_misc_corridors
Snake:2:  layout_onion_interference
Snake:3:  gammafunk_sealed_library, layout_misc_corridors, basic_altar
Snake:4:  snake_pit, layout_misc_corridors, basic_altar, nicolae_alphabet_shops

Skill      XL: |  1  2  3  4  5  6  7  8  9 10 11 12 13 14 |
---------------+-------------------------------------------+-----
Fighting       | 3 4 5 6 7 8 9 10 | 10.4
Axes           | 3 4 5 6 8 10 11 12 14 15 16 | 16.0
Armour         | 4 5 6 7 8 9 10 11 12 | 12.2
Shields        | 4 5 6 7 8 9 10 11 12 | 12.2
Invocations    | 1 5 6 8 10 11 12 | 12.2
Evocations     | 4 7 |  7.1
Dodging        | 3 5 |  5.8

Action                   |  1- 3 |  4- 6 |  7- 9 | 10-12 | 13-15 || total
-------------------------+-------+-------+-------+-------+-------++-------
Melee: War axe           |    48 |   149 |   364 |   835 |   689 ||  2085
Invok: Lesser Servant of |       |       |       |     1 |     3 ||     4
       Greater Servant o |       |       |       |       |     2 ||     2
 Abil: Heal Wounds       |     4 |     6 |     9 |    15 |     9 ||    43
Evoke: Tin of tremorston |       |       |       |       |     2 ||     2
       Condenser vane    |       |       |       |       |     2 ||     2
  Use: Scroll            |       |       |       |    30 |     9 ||    39
       Potion            |       |       |       |     1 |     1 ||     2
 Stab: Distracted        |       |       |       |       |     1 ||     1
Armor: Scale mail        |    28 |    35 |       |       |       ||    63
       Chain mail        |       |    42 |   112 |       |       ||   154
       Plate armour      |       |       |   155 |   525 |   529 ||  1209
Dodge: Dodged            |    15 |    32 |    89 |   200 |   255 ||   591
Block: Kite shield       |    36 |    84 |   250 |   526 |   495 ||  1391
       Reflection        |       |       |       |       |    24 ||    24

Table legend: (Time is in decaauts)
 A = Elapsed time spent in this place.
 B = Non-inter-level travel time spent in this place.
 C = Inter-level travel time spent in this place.
 D = Time resting spent in this place.
 E = Time spent auto-exploring this place.
 F = Levels seen in this place.
 G = Mean time per level.
                   A        B        C        D        E       F      G
               +--------+--------+--------+--------+--------+-----+--------+
         Total |  12984 |  12075 |    909 |      0 |   8705 |  25 |  519.4 |
       Dungeon |  10859 |  10135 |    724 |      0 |   7257 |  15 |  723.9 |
        Temple |    177 |    152 |     25 |      0 |    150 |   1 |  177.0 |
          Lair |   1538 |   1417 |    121 |      0 |   1115 |   5 |  307.6 |
     Snake Pit |    409 |    371 |     38 |      0 |    183 |   4 |  102.2 |
               +--------+--------+--------+--------+--------+-----+--------+

Top non-repeatable levels by time:
     D:7: 1224 daAuts
    D:11: 1198 daAuts
     D:5: 1142 daAuts
     D:4: 1099 daAuts
    D:10: 967 daAuts
     D:6: 957 daAuts
    D:12: 850 daAuts
    D:15: 797 daAuts
     D:8: 768 daAuts
  Lair:2: 673 daAuts
     D:9: 559 daAuts
    D:13: 553 daAuts
  Lair:3: 451 daAuts
  Lair:4: 359 daAuts
    D:14: 302 daAuts
